 Dungeon Crawl Stone Soup version 0.19.0-24-gb05acd6 (webtiles) character file.

800 patrickswayze the Covert (level 7, -11/60 HPs)
             Began as a Deep Elf Chaos Knight on Nov 20, 2016.
             Mangled by an ice devil (22 damage)
             ... on level 1 of the Abyss.
             The game lasted 00:12:59 (5789 turns).

patrickswayze the Covert (Deep Elf Chaos Knight)    Turns: 5789, Time: 00:13:00

Health: -11/60     AC: 23    Str:  9 (11) XL:     7   Next: 59%
Magic:  10/10      EV:  2    Int: 18 (19) God:    Xom [*.....]
Gold:   1087       SH:  0    Dex: 12 (16) Spells: 0 memorised, 6 levels left

rFire  . . .     SeeInvis .     a - +1 short sword (chaos)
rCold  . . .     Gourm    +     (armour currently unavailable)
rNeg   + + +     Faith    .     (no shield)
rPois  +         Spirit   .     (helmet currently unavailable)
rElec  .         Reflect  .     (cloak currently unavailable)
rCorr  .         Harm     .     (gloves currently unavailable)
MR     ++...     NoTele   +     (boots currently unavailable)
Stlth  ++++......               g - amulet of the gourmand
                                (no ring)
                                x - +2 ring of strength

@: tree-form
A: (talons 0), clever 1, (fire resistance 0), high mp 2, magic resistance 2,
mutation resistance 1, sense surroundings 1
a: Renounce Religion


You were on level 1 of the Abyss.
You worshipped Xom.
You were a special plaything of Xom.
You were very full.
You were a tree.
You visited 1 branch of the dungeon, and saw 4 of its levels.
You visited the Abyss 1 time.

You collected 1087 gold pieces.


Innate Abilities, Weirdness & Mutations

((You have sharp toenails.))
Your mind is acute. (Int +2)
((Your flesh is very heat resistant. (rF++)))
You have a considerably increased reservoir of magic. (+20% MP)
You are highly resistant to hostile enchantments. (MR++)
You are somewhat resistant to further mutation.
You passively map a small area around you.


   Skills:
 - Level 2.4 Fighting
 - Level 5.9 Short Blades
 - Level 0.7 Armour
 - Level 2.4 Dodging
 + Level 8.8 Stealth


You had 6 spell levels left.
You didn't know any spells.

Inventory:

Hand Weapons
 a - a +1 short sword of chaos (weapon)
Missiles
 d - 11 tomahawks (quivered)
 e - 4 curare-tipped needles
 o - 23 poisoned needles
 v - 53 stones
Armour
 b - a +2 leather armour (melded)
 m - a +1 pair of gloves (melded)
 w - a +0 cloak (melded)
Jewellery
 g - an amulet of the gourmand (around neck)
 x - a +2 ring of strength (left branch)
 B - the ring of Wonder {*Drain rElec rPois rF+, unknown}
   (Xom gifted it to you on level 3 of the Dungeon)

   [ring of poison resistance]

   It protects you from fire.
   It insulates you from electricity.
   It protects you from poison.
   It causes draining when unequipped.
Scrolls
 j - 2 scrolls of fog
 l - 2 scrolls of magic mapping
 n - a scroll of amnesia
 p - a scroll of remove curse
 q - 2 scrolls of enchant armour
 s - a scroll of recharging
Potions
 h - a potion of mutation {unknown}
 i - a potion of resistance {unknown}
 t - a potion of agility {unknown}
 u - 2 potions of lignification {!q}
 z - a potion of might {unknown}
 A - a potion of brilliance {unknown}
Comestibles
 c - 6 bread rations
 f - a slice of pizza
 k - a beef jerky
 r - 2 meat rations
 C - 4 fruits


Message History

You hit the ice devil but do no damage.
The ice devil is moving more slowly.
The ice devil is lightly wounded.
The ice devil hits you but does no damage.
You catch the helpless ice devil completely off-guard!
You impale the ice devil!!
The ice devil is heavily wounded.
The ice devil hits you but does no damage.
You hit the ice devil but do no damage.
The ice devil is heavily wounded.
The ice devil hits you but does no damage.
You hit the ice devil but do no damage.
You heal the ice devil.
The ice devil is moderately wounded. x2
The ice devil hits you but does no damage.
You hit the ice devil but do no damage.
The ice devil is moderately wounded.
The ice devil hits you.
* * * LOW HITPOINT WARNING * * *
The ice devil freezes you!!
You die...
Xom roars with laughter!

### .. ...
. #. . ...
.. ## . ..#
.# # ....
.##.. #
#..#.. ..
#..........
#..#.#. #
..##
#####.#.# .
#.74..###.#
.. ##.#.##
..# .
#.######
###......##
#### # .. #
..
####.#...
#. #.## . #
. . ... . #
##


You could see an ice devil (petrifying).

Vanquished Creatures
  A hog (D:2)
  An orc warrior (D:3)
  A phantom (D:4)
  An ogre (D:3)
  A jelly (Abyss:1)
  An orc priest (D:3)
  3 orc wizards
  2 iguanas
  2 worker ants
  5 adders
  3 oozes
  6 worms
  3 dart slugs
  4 leopard geckos
  15 orcs
  4 giant cockroaches
  12 goblins
  10 hobgoblins
  2 jackals (D:4)
  A ball python (D:2)
  11 bats
  5 frilled lizards
  9 kobolds
  7 rats
110 creatures vanquished.

Notes
Turn   | Place    | Note
-------+----------+-------------------------------------------
     0 | D:1      | patrickswayze the Deep Elf Chaos Knight began the quest for the Orb.
     0 | D:1      | Reached XP level 1. HP: 13/13 MP: 3/3
    50 | D:1      | Reached skill level 1 in Stealth
   332 | D:1      | Reached skill level 2 in Stealth
   482 | D:1      | Reached XP level 2. HP: 18/18 MP: 4/4
   592 | D:1      | Reached skill level 3 in Stealth
   723 | D:2      | Found a deep blue altar of Sif Muna.
   730 | D:2      | Reached XP level 3. HP: 22/22 MP: 5/5
   753 | D:2      | XOM: butterfly on damage
   836 | D:2      | XOM: divination: detect creatures
   984 | D:2      | Reached skill level 4 in Stealth
  1046 | D:2      | Found a white marble altar of Elyvilon.
  1301 | D:2      | XOM: silly message
  1331 | D:2      | XOM: cast spell 'Olgreb's Toxic Radiance'
  1633 | D:2      | Reached XP level 4. HP: 27/27 MP: 6/6
  1645 | D:2      | Reached skill level 5 in Stealth
  1828 | D:2      | XOM: summons 2 hostile demons
  2148 | D:2      | Noticed a hog
  2148 | D:2      | a worm changed into a hog
  2148 | D:2      | XOM: polymorph worm -> hog
  2150 | D:2      | XOM: cast spell 'Alistair's Intoxication'
  2152 | D:2      | Killed a hog
  2152 | D:2      | Reached skill level 7 in Stealth
  2152 | D:2      | Reached XP level 5. HP: 31/31 MP: 7/7
  2296 | D:3      | Noticed an orc warrior
  2391 | D:3      | Found an opulent altar of Gozag.
  2548 | D:3      | Reached XP level 6. HP: 29/36 MP: 8/8
  2558 | D:3      | Killed an orc warrior
  2558 | D:3      | Reached skill level 8 in Stealth
  2900 | D:3      | XOM: scenery: 1 doors close
  3185 | D:3      | XOM: summons 2 hostile shadow creatures
  3186 | D:3      | XOM: cloud trail
  3381 | D:4      | XOM: confuse monster(s)
  3452 | D:3      | XOM: give mutations
  3452 | D:3      | Gained mutation: You have an increased reservoir of magic. (+10% MP) [Xom's grace]
  3452 | D:3      | Gained mutation: You have sharp toenails. [Xom's grace]
  3452 | D:3      | Gained mutation: You passively map a small area around you. [Xom's grace]
  3452 | D:3      | Gained mutation: You are somewhat resistant to further mutation. [Xom's grace]
  3476 | D:3      | XOM: summons friendly white imp
  3495 | D:3      | XOM: god gift: dented golden amulet {god gift}
  3504 | D:3      | XOM: cleaving
  3638 | D:2      | XOM: summons 3 hostile demons
  3935 | D:3      | XOM: scenery: create altars
  4182 | D:4      | Found a shattered altar of Ashenzari.
  4268 | D:4      | XOM: polymorph orc -> hobgoblin
  4610 | D:4      | XOM: summons 4 friendly demons
  4650 | D:3      | Reached XP level 7. HP: 18/40 MP: 9/9
  4773 | D:3      | XOM: give mutations
  4773 | D:3      | Gained mutation: Your mind is acute. (Int +2) [Xom's grace]
  4773 | D:3      | Gained mutation: You are resistant to hostile enchantments. (MR+) [Xom's grace]
  4773 | D:3      | Gained mutation: You have a considerably increased reservoir of magic. (+20% MP) [Xom's grace]
  4773 | D:3      | Gained mutation: You are highly resistant to hostile enchantments. (MR++) [Xom's grace]
  4853 | D:3      | XOM: god gift: crude lapis lazuli ring {god gift}
  4854 | D:3      | Got a crude lapis lazuli ring {god gift}
  4879 | D:3      | XOM: god gift: 850 gold pieces
  4933 | D:4      | XOM: butterfly on damage
  4936 | D:3      | XOM: give mutations
  4936 | D:3      | Gained mutation: Your flesh is heat resistant. (rF+) [Xom's grace]
  4936 | D:3      | Gained mutation: Your flesh is very heat resistant. (rF++) [Xom's grace]
  5062 | D:4      | Found a hazy altar of Hepliaklqana.
  5153 | D:4      | XOM: summons 3 hostile demons
  5154 | D:4      | Noticed a chaos spawn
  5303 | D:4      | XOM: harmless Divn miscast
  5314 | D:4      | XOM: summons 7 friendly demons
  5462 | D:4      | XOM: medium Pois miscast
  5481 | D:4      | XOM: confusion
  5626 | D:4      | XOM: medium Tloc miscast
  5626 | D:4      | Cast into level 1 of the Abyss (the capriciousness of Xom)
  5672 | Abyss:1  | Noticed a large abomination
  5721 | Abyss:1  | Noticed a raiju
  5773 | Abyss:1  | Noticed an ice devil
  5774 | Abyss:1  | XOM: mild Divn miscast
  5778 | Abyss:1  | XOM: enchant monster (bad)
  5789 | Abyss:1  | HP: 11/60 [ice devil (5)]
  5789 | Abyss:1  | Mangled by an ice devil

Vault maps used:
D:1:      lightli_arrival_chessboard
D:2:      kennysheep_big_flooded_room, lemuel_round_altar, elyvilon_altar_3
D:3:      nicolae_overflow_crystal_walls, hangedman_glass_teeth,
          kennysheep_generic_room_13
D:4:      kennysheep_little_box, lemuel_doored_altar, kennysheep_path_1

Action                   |  1- 3 |  4- 6 |  7- 9 || total
-------------------------+-------+-------+-------++-------
Melee: Short sword       |    97 |   225 |    77 ||   399
       Kick              |       |    15 |    11 ||    26
Throw: Stone             |       |     2 |       ||     2
       Tomahawk          |       |       |     7 ||     7
Evoke: Wand              |       |       |     1 ||     1
  Use: Scroll            |       |    14 |     3 ||    17
       Potion            |       |     4 |     2 ||     6
 Stab: Sleeping          |    14 |    15 |       ||    29
       Petrifying        |     1 |       |     1 ||     2
       Confused          |     1 |     1 |       ||     2
       Paralysed         |       |     3 |       ||     3
       Invisible         |       |     4 |       ||     4
       Distracted        |       |     1 |       ||     1
  Eat: Chunk             |     1 |    16 |     7 ||    24
Armor: Leather armour    |    28 |   112 |    14 ||   154
       Skin              |       |       |    12 ||    12
Dodge: Dodged            |    36 |   164 |    24 ||   224
